[Event "Late-Titled-Tuesday-Blitz-July-09-2024"]
[Site "Chess.com"]
[Date "2024.07.09"]
[Round "4"]
[White "Mikhail_Golubev"]
[Black "vi_pranav"]
[Result "0-1"]
[WhiteElo "2632"]
[BlackElo "2988"]
[TimeControl "180+1"]
[EndTime "14:38:08 PDT"]
[Termination "vi_pranav won on time"]

1. e4 e5 2. Nf3 Nc6 3. Bc4 Nf6 4. d3 h6 5. O-O d6 6. Nc3 g5 7. Re1 Bg7 8. Nd2 Bg4 9. f3 Be6 10. Nf1 O-O 11. Ne3 Ne7 12. Bb3 c6 13. Bd2 d5 14.
Ne2 a5 15. a4 d4 16. Nc4 Nd7 17. Ng3 Nc5 18. Rf1 Nxb3 19. cxb3 Qc7 20. Qc2 b5 21. Na3 Qb6 22. Rfc1 Rfb8 23. axb5 cxb5 24. Qc5 Qb7 25. b4 axb4 26. Bxb4 Ng6 27. Qc7 Nf4 28. Qxb7 Rxb7 29. Rd1 Bf8 30. Bxf8 Kxf8 31. Nc2 Rxa1 32. Nxa1 Ra7 33. Nc2 Ra2 34. Nb4 Rxb2 0-1

[Event "Late-Titled-Tuesday-Blitz-July-09-2024"]
[Site "Chess.com"]
[Date "2024.07.09"]
[Round "4"]
[White "Proteuo"]
[Black "santig8"]
[Result "0-1"]
[WhiteElo "2436"]
[BlackElo "2282"]
[TimeControl "180+1"]
[EndTime "14:38:08 PDT"]
[Termination "santig8 won by resignation"]

1. e4 c5 2. Ne2 e5 3. Nbc3 Nc6 4. Nd5 Nf6 5. Nec3 d6 6. Bc4 Be6 7. d3 Be7 8. a3 O-O 9. O-O Nd4 10. f4 exf4 11.
Bxf4 b5 12. Ba2 b4 13. axb4 cxb4 14. Nxf6+ Bxf6 15. Nd5 Be5 16. Bc4 Bxf4 17. Rxf4 Bxd5 18. Bxd5 Rc8 19. Rf2 Kh8 20. Kh1 f5 21. c3 bxc3 22. bxc3 Rxc3 23. Rxa7 Rc8 24. Qa1 fxe4 25. Rxf8+ Qxf8 26.
dxe4 Ne2 27. Rf7 Qxf7 28. Bxf7 Rc1+ 29. Qxc1 Nxc1 30. Kg1 g6 31. Kf2 Kg7 32. Ba2 Nxa2 33. Ke3 Kf6 34. Kd4 Ke6 35. g4 Nb4 36. h4 Nc6+ 37.
Ke3 Ne5 38. g5 Nc4+ 39. Kf4 Nd2 40. Ke3 Nf1+ 41. Kf2 Ke5 42. Kxf1 Kxe4 43. Ke2 Kf4 0-1

[Event "Late-Titled-Tuesday-Blitz-July-09-2024"]
[Site "Chess.com"]
[Date "2024.07.09"]
[Round "4"]
[White "dropstoneDP"]
[Black "js20000"]
[Result "1-0"]
[WhiteElo "3033"]
[BlackElo "2781"]
[TimeControl "180+1"]
[EndTime "14:38:09 PDT"]
[Termination "dropstoneDP won by checkmate"]

1. e4 d6 2. d4 Nf6 3. Nc3 e6 4. g4 d5 5. e5 Nfd7 6. Nce2 c5 7. c3 f6 8. Nf3 cxd4 9. Nexd4 Nxe5 10. Nxe5 fxe5 11.
Bb5+ Kf7 12. Nf3 Bd6 13. Ng5+ Kg8 14. f4 e4 15. f5 a6 16. Ba4 Nc6 17. O-O Bc5+ 18.
Kh1 exf5 19. gxf5 Ne5 20. Bb3 h6 21. Bxd5+ Kf8 22. Nxe4 Be7 23. c4 Bd7 24. Bf4 Nc6 25. f6 gxf6 26. Qh5 Be8 27. Qxh6+ Rxh6 28. Bxh6# 1-0

[Event "Late-Titled-Tuesday-Blitz-July-09-2024"]
[Site "Chess.com"]
[Date "2024.07.09"]
[Round "4"]
[White "myburger"]
[Black "WildTricks"]
[Result "0-1"]
[WhiteElo "2535"]
[BlackElo "2712"]
[TimeControl "180+1"]
[EndTime "14:38:09 PDT"]
[Termination "WildTricks won by resignation"]

1. d4 Nf6 2. Nc3 d5 3. Bf4 a6 4. e3 b5 5. Bd3 e6 6. Nf3 c5 7.
dxc5 Bxc5 8. O-O Bb7 9. Ne2 Nc6 10. c3 Qe7 11. Ne5 O-O 12. Nd4 Nxe5 13. Bxe5 Bd6 14. f4 Bxe5 15. fxe5 Ne4 16. Bxe4 dxe4 17. Qh5 Rad8 18.
Rf4 h6 19. Raf1 Rd5 20. Rxe4 Qg5 21. Qf3 Rdd8 22. Qf4 Qg6 23. Nf5 Qxf5 24. Qxf5 exf5 25. Rd4 Be4 26. Rfd1 Rde8 27. Rd6 a5 28. Ra6 a4 29. Kf2 Rxe5 30. Rd7 Rd5 31. Rxd5 Bxd5 32. Rb6 Bxa2 33. Rxb5 Rd8 34. Rb4 Bb3 35. Kg3 Rd2 0-1

[Event "Late-Titled-Tuesday-Blitz-July-09-2024"]
[Site "Chess.com"]
[Date "2024.07.09"]
[Round "4"]
[White "GulamaliRises"]
[Black "merinasian"]
[Result "1-0"]
[WhiteElo "2667"]
[BlackElo "2431"]
[TimeControl "180+1"]
[EndTime "14:38:09 PDT"]
[Termination "GulamaliRises won by resignation"]

1. e4 d6 2. d4 Nd7 3. f4 c5 4. d5 g6 5. c4 Bg7 6. Nc3 Ngf6 7.
Nf3 O-O 8. Bd3 e6 9. O-O exd5 10. exd5 a6 11. a4 Re8 12. Qc2 Nb8 13. f5 Nbd7 14. Bf4 Ne5 15. Bxe5 dxe5 16. Rae1 Nh5 17. g3 Bd7 18. Kg2 b5 19. axb5 axb5 20. cxb5 e4 21. Bxe4 Rxe4 22. Qxe4 Bxf5 23. Qe7 Qc8 24. Ng5 h6 25.
Qxf7+ Kh8 26. Ne6 Bxe6 27. dxe6 Qd8 28. e7 Qd2+ 29. Re2 Qd7 30. e8=Q+ Rxe8 31. Rxe8+ 1-0

[Event "Late-Titled-Tuesday-Blitz-July-09-2024"]
[Site "Chess.com"]
[Date "2024.07.09"]
[Round "4"]
[White "SimplyDevina"]
[Black "AlleyOoper"]
[Result "1/2-1/2"]
[WhiteElo "2373"]
[BlackElo "2558"]
[TimeControl "180+1"]
[EndTime "14:38:09 PDT"]
[Termination "Game drawn by repetition"]

1. d4 Nf6 2. c4 c5 3. d5 g6 4. Nc3 Bg7 5. e4 d6 6. f4 O-O 7. Nf3 e6 8. Be2 exd5 9. cxd5 Re8 10. Nd2 h5 11. h3 b6 12. O-O Ba6 13. Re1 Bxe2 14. Rxe2 Na6 15. Nc4 Nc7 16. a4 h4 17.
e5 dxe5 18. d6 exf4 19. Rxe8+ Ncxe8 20. Bxf4 Nh5 21. Bh2 Bd4+ 22. Kh1 Ng3+ 23. Bxg3 hxg3 24. Qf3 Rc8 25. Rf1 Nxd6 26. Nxd6 Qxd6 27. Qxf7+ Kh8 28. Rf4 g5 29. Qh5+ Kg8 30. Qf7+ Kh8 31. Qh5+ Kg8 32. Qf7+ Kh8 1/2-1/2

[Event "Late-Titled-Tuesday-Blitz-July-09-2024"]
[Site "Chess.com"]
[Date "2024.07.09"]
[Round "4"]
[White "Road2GM3000"]
[Black "th3d4rkness"]
[Result "1-0"]
[WhiteElo "2392"]
[BlackElo "2255"]
[TimeControl "180+1"]
[EndTime "14:38:09 PDT"]
[Termination "Road2GM3000 won by resignation"]

1. d4 Nf6 2. c4 e6 3. Nc3 Bb4 4. Nf3 Bxc3+ 5. bxc3 c5 6. Bg5 h6 7. Bh4 d6 8. e3 Nbd7 9. Bd3 Qa5 10. Qc2 b6 11.
O-O Bb7 12. Nd2 e5 13. f4 exd4 14. exd4 O-O 15. Rae1 Rfe8 16. d5 a6 17. Ne4 Nxe4 18. Bxe4 b5 19. Bf5 Nf8 20. Re2 Rxe2 21. Qxe2 Qxc3 22. Qe7 Qd4+ 23. Bf2 Qxf4 24. Qxb7 Re8 25. Bxc5 Qxc4 26. Bxd6 Qd4+ 27. Kh1 Qc4 28.
Bd3 Qxd3 29. Qxf7+ Kh7 30. Bxf8 Rxf8 31. Qxf8 Qxd5 32.
Qf5+ 1-0

[Event "Late-Titled-Tuesday-Blitz-July-09-2024"]
[Site "Chess.com"]
[Date "2024.07.09"]
[Round "4"]
[White "i_like_explosions"]
[Black "Skatchkov_V"]
[Result "1-0"]
[WhiteElo "2544"]
[BlackElo "2690"]
[TimeControl "180+1"]
[EndTime "14:38:11 PDT"]
[Termination "i_like_explosions won by resignation"]

1. d4 Nf6 2. c4 e6 3. Nf3 d5 4. cxd5 exd5 5. Nc3 c6 6. Bg5 Bf5 7. e3 Be7 8. Bd3 Bxd3 9. Qxd3 O-O 10. O-O Re8 11. Ne5 Ne4 12. Bxe7 Qxe7 13. Nxe4 dxe4 14. Qb3 Nd7 15. Qxb7 Nxe5 16. Qxe7 Rxe7 17. dxe5 Rxe5 18. Rfc1 Rb5 19. b3 c5 20. Rc4 a5 21. Rxe4 h5 22. Kf1 a4 23. bxa4 Rb2 24. Rc1 Rd8 25. g3 Rdd2 26.
Rf4 Rbc2 27. Rxc2 Rxc2 28. Rf5 c4 29. Rxh5 Rxa2 30. a5 c3 31. Rc5 c2 32. Kg2 Kf8 33. a6 Ke7 34. a7 Rxa7 35. Rxc2 Kf6 36. Rc5 g6 37. h4 Kg7 38. g4 Ra6 39. Kg3 Ra4 40.
f3 Ra1 41. e4 Ra3 42. h5 Ra1 43. hxg6 Kxg6 44. Rc6+ Kg7 45. Kf4 Ra5 46. e5 Ra4+ 47.
Kf5 Ra3 48. f4 Ra5 49. Rc7 Rb5 50. g5 Rb6 51. Kg4 Ra6 52. Rc4 Rb6 53. Re4 Ra6 54.
f5 Rb6 55. Kf4 Ra6 56. e6 fxe6 57. Rxe6 Ra4+ 58. Re4 Ra5 59. Re7+ Kf8 60. Rb7 Ra4+ 61. Kg3 Ra1 62. Kg4 Rf1 63. f6 Kg8 64. Kh5 Rh1+ 65. Kg6 Rb1 66. Rxb1 1-0

[Event "Late-Titled-Tuesday-Blitz-July-09-2024"]
[Site "Chess.com"]
[Date "2024.07.09"]
[Round "4"]
[White "Kyrko_Gamba"]
[Black "Bob_2004"]
[Result "1-0"]
[WhiteElo "2537"]
[BlackElo "2688"]
[TimeControl "180+1"]
[EndTime "14:38:15 PDT"]
[Termination "Kyrko_Gamba won by resignation"]

1. d4 Nf6 2. c4 e6 3. g3 d5 4. Nf3 dxc4 5. Bg2 c5 6. O-O Nc6 7. Ne5 Bd7 8. Na3 cxd4 9. Naxc4 Be7 10. Qb3 Rb8 11. Bf4 Rc8 12. Qxb7 Nxe5 13. Nxe5 O-O 14. Nxd7 Nxd7 15. Qxa7 e5 16. Bd2 Rc2 17. Ba5 Qc8 18. Be4 Bc5 19. Qc7 Qxc7 20. Bxc7 Rxb2 21. Bf5 Rb7 22.
Bxd7 Rxc7 23. Bf5 Ba3 24. Rab1 g6 25. Bd3 Ra8 26. Rb5 Bd6 27. Rd5 Be7 28. Rxe5 Bf6 29. Rd5 Rxa2 30. Rb1 Rca7 31. Kg2 Kg7 32. h4 h5 33. Rc1 R2a5 34. Rd6 Be5 35. Rb6 f6 36. Rc8 Ra8 37. Rb7+ Kh6 38. Rc6 R5a7 39. Rb5 Ra5 40. Rxa5 Rxa5 41. f4 Bb8 42. Rxf6 Ra2 1-0

[Event "Late-Titled-Tuesday-Blitz-July-09-2024"]
[Site "Chess.com"]
[Date "2024.07.09"]
[Round "4"]
[White "sammartin99"]
[Black "Masterisback04"]
[Result "1-0"]
[WhiteElo "2425"]
[BlackElo "2107"]
[TimeControl "180+1"]
[EndTime "14:38:16 PDT"]
[Termination "sammartin99 won on time"]

1. d4 Nf6 2. c4 c5 3. d5 e6 4. Nc3 exd5 5. cxd5 d6 6. Nf3 a6 7. a4 g6 8. Nd2 Bg7 9. e4 O-O 10. Be2 Kh8 11. O-O Ng8 12. Nc4 f5 13. Bf4 g5 14.
Bxd6 f4 15. Bxf8 Qxf8 16. e5 Nd7 17. e6 Ndf6 18. Re1 Bh6 19. Ne5 b6 20. Bc4 Bb7 21.
d6 g4 22. e7 Qb8 23. d7 g3 24.
d8=Q gxf2+ 25. Kxf2 Qc8 26. Qxc8 1-0

[Event "Late-Titled-Tuesday-Blitz-July-09-2024"]
[Site "Chess.com"]
[Date "2024.07.09"]
[Round "4"]
[White "KebabJangles"]
[Black "WPWPWP-2015"]
[Result "0-1"]
[WhiteElo "2361"]
[BlackElo "2515"]
[TimeControl "180+1"]
[EndTime "14:38:18 PDT"]
[Termination "WPWPWP-2015 won by checkmate"]

1. d4 Nf6 2. c4 c6 3. Nf3 d5 4. e3 Bg4 5. Qb3 Nbd7 6. Be2 Qc7 7. O-O e5 8. dxe5 Nxe5 9. Nxe5 Bxe2 10. Re1 dxc4 11.
Nxc4 Ng4 12. g3 Bf3 13. Nbd2 Bd5 14. e4 Be6 15. Qf3 Ne5 16. Nxe5 Qxe5 17. Nb3 Bb4 18. Bf4 Qf6 19. e5 Qg6 20. Bd2 Bd5 21. Qf4 Be7 22. Bb4 Bg5 23. Qd4 Qh5 24. f4 Qf3 25. Qd2 Bd8 26. Re2 h5 27. Nd4 Bb6 28. Rf1 Bxd4+ 29. Qxd4 Qxe2 30. Qc5 Qg2# 0-1

[Event "Late-Titled-Tuesday-Blitz-July-09-2024"]
[Site "Chess.com"]
[Date "2024.07.09"]
[Round "4"]
[White "miraitrunks"]
[Black "petr577"]
[Result "0-1"]
[WhiteElo "2024"]
[BlackElo "2415"]
[TimeControl "180+1"]
[EndTime "14:38:20 PDT"]
[Termination "petr577 won by resignation"]

1. e4 e5 2. Nf3 Nc6 3. d4 exd4 4. Nxd4 Nf6 5. Nxc6 bxc6 6. Bd3 d5 7. O-O dxe4 8. Qe2 Be7 9. Bxe4 Nxe4 10. Qxe4 O-O 11. Nc3 Be6 12. Rd1 Qc8 13. Qxc6 Rb8 14. Bf4 Rxb2 15. Nd5 Bxd5 16. Rxd5 Bf6 17. Rad1 Rxa2 18. h3 h6 19. Rd7 Qa6 20. Qxc7 Qe2 21. R1d2 Qe1+ 22. Kh2 Qe4 23. Bd6 Ra1 24. f3 Qe1 25. Bf4 Bh4 26. Rd1 Rxd1 27. Rxd1 Qxd1 28. Bd6 Re8 0-1

[Event "Late-Titled-Tuesday-Blitz-July-09-2024"]
[Site "Chess.com"]
[Date "2024.07.09"]
[Round "4"]
[White "jbking07"]
[Black "anderson2361"]
[Result "1-0"]
[WhiteElo "2445"]
[BlackElo "2236"]
[TimeControl "180+1"]
[EndTime "14:38:22 PDT"]
[Termination "jbking07 won by resignation"]

1. Nf3 d5 2. g3 Nf6 3. Bg2 e6 4. O-O Be7 5. b3 O-O 6. Bb2 b6 7. d4 Bb7 8. Nbd2 Nbd7 9. Re1 Rc8 10. c4 c5 11. cxd5 exd5 12. a3 Re8 13. Ne5 Bd6 14.
Ndf3 Ne4 15. Rc1 Ndf6 16. dxc5 bxc5 17. Nd3 c4 18. bxc4 dxc4 19. Bxf6 Qxf6 20. Nb4 Bc5 21. e3 c3 22. Qa4 Rcd8 23. h4 h6 24. Re2 Nxf2 25.
Kxf2 Rxe3 26. Rxe3 Qb6 27. Nc2 Rd2+ 28. Nxd2 cxd2 29.
Rd1 Bxg2 30. Kxg2 Bxe3 31. Qe8+ Kh7 32. Nxe3 Qc6+ 33. Qxc6 1-0

[Event "Late-Titled-Tuesday-Blitz-July-09-2024"]
[Site "Chess.com"]
[Date "2024.07.09"]
[Round "4"]
[White "IndianSchoolOfSuffering"]
[Black "NowInChess"]
[Result "1-0"]
[WhiteElo "2440"]
[BlackElo "2211"]
[TimeControl "180+1"]
[EndTime "14:38:22 PDT"]
[Termination "IndianSchoolOfSuffering won on time"]

1. e4 e6 2. d4 d5 3. e5 c5 4. c3 Nc6 5. Nf3 Qb6 6. a3 f6 7.
Bd3 fxe5 8. Nxe5 Nf6 9. O-O Bd6 10. Nxc6 bxc6 11. dxc5 Bxc5 12. b4 Bd6 13. c4 Qc7 14. h3 O-O 15. Bb2 e5 16. cxd5 cxd5 17. Nc3 e4 18. Nxd5 Nxd5 19. Bxe4 Nc3 20. Qb3+ Kh8 21. Qxc3 Qxc3 22. Bxc3 Rb8 23. Rad1 Bc7 24. Rfe1 Ba6 25. Bd3 Bxd3 26. Rxd3 Bb6 27. Re2 h6 28. Rd7 Rbc8 29. Bxg7+ Kg8 30. Bxf8 Rxf8 31. g3 Rf3 32. Kg2 Rf8 33.
f4 Rc8 34. Kf3 Rc3+ 35. Kg4 h5+ 36. Kh4 1-0

[Event "Late-Titled-Tuesday-Blitz-July-09-2024"]
[Site "Chess.com"]
[Date "2024.07.09"]
[Round "4"]
[White "AsaHoffmann"]
[Black "m_ezat"]
[Result "1-0"]
[WhiteElo "2406"]
[BlackElo "2634"]
[TimeControl "180+1"]
[EndTime "14:38:23 PDT"]
[Termination "AsaHoffmann won by resignation"]

1. d4 Nf6 2. Bg5 d5 3. e3 Nbd7 4. f4 c5 5. c3 h6 6. Bh4 g5 7.
fxg5 hxg5 8. Bxg5 Ne4 9. Bf4 Bg7 10. Nf3 Qb6 11. Qb3 c4 12. Qxb6 axb6 13. a3 b5 14. Nbd2 Nxd2 15. Kxd2 Nf6 16. h3 Ne4+ 17. Ke1 f6 18.
Be2 Bf5 19. Nd2 e5 20. Bh2 exd4 21. exd4 O-O-O 22. Rf1 Bg6 23. Nxe4 Bxe4 24. Bf3 Rde8 25. Kf2 Bh6 26. Rae1 Bd3 27. Rxe8+ Rxe8 28. Re1 Rxe1 29. Kxe1 Bc1 30. h4 Bxb2 31. Kd2 Bxa3 32. h5 b4 33. cxb4 Bxb4+ 34. Kc1 b5 35. h6 Bc3 36. Bf4 b4 37. Bd2 Bxd2+ 38. Kxd2 Bh7 39. Bxd5 c3+ 40. Kc1 Kc7 41.
Bb3 Kd6 42. d5 Ke5 43. g4 f5 44. g5 f4 45. Bc2 Bg8 46. g6 f3 47. Bd3 b3 48. h7 Bxd5 49. h8=Q+ Kd6 50. Qxc3 b2+ 51. Kxb2 f2 52. Qd4 f1=Q 53. Bxf1 1-0

[Event "Late-Titled-Tuesday-Blitz-July-09-2024"]
[Site "Chess.com"]
[Date "2024.07.09"]
[Round "4"]
[White "rhungaski"]
[Black "eightbyeightchess"]
[Result "1-0"]
[WhiteElo "2631"]
[BlackElo "2387"]
[TimeControl "180+1"]
[EndTime "14:38:25 PDT"]
[Termination "rhungaski won by resignation"]

1. Nf3 d5 2. g3 Nf6 3. Bg2 Bf5 4. O-O e6 5. d3 c5 6. Nbd2 Nc6 7. Qe1 Be7 8. e4 Bg6 9. Nh4 O-O 10. Nxg6 hxg6 11.
Nf3 Qb6 12. Qe2 Rac8 13. e5 Nd7 14. c3 Qa6 15. h4 b5 16. Bf4 b4 17. c4 Nb6 18. b3 Rfd8 19. Rad1 Qb7 20. g4 a5 21. h5 gxh5 22. gxh5 Kf8 23. Qe3 Ke8 24. Bg3 Kd7 25. d4 cxd4 26. Nxd4 Nxd4 27. Qxd4 Bc5 28. Qf4 Rf8 29. cxd5 Nxd5 30. Rxd5+ exd5 31. Rd1 Ke7 32. Bh4+ f6 33. Bxd5 Qc7 34. h6 g5 35. exf6+ Rxf6 36. Re1+ Kd7 37. Qxf6 Rf8 38. Qe6+ 1-0

[Event "Late-Titled-Tuesday-Blitz-July-09-2024"]
[Site "Chess.com"]
[Date "2024.07.09"]
[Round "4"]
[White "glucolisis04"]
[Black "cthake"]
[Result "0-1"]
[WhiteElo "2277"]
[BlackElo "1829"]
[TimeControl "180+1"]
[EndTime "14:38:25 PDT"]
[Termination "cthake won on time"]

1. d4 Nf6 2. c4 c5 3. d5 e6 4.
Nc3 exd5 5. cxd5 d6 6. e4 g6 7. f4 Bg7 8. Bb5+ Nfd7 9. Be2 O-O 10. Nf3 Re8 11. O-O Na6 12. Bd2 Nc7 13. a4 a6 14. Be1 Rb8 15. Bh4 f6 16. e5 dxe5 17. d6 Ne6 18. fxe5 g5 19. exf6 Bxf6 20. Bg3 Nd4 21.
Bc4+ Kg7 22. Kh1 b5 23. axb5 axb5 24. Nxd4 bxc4 25. Nf5+ Kg6 26. Qc2 Kf7 27. Ne7 Kg7 28.
Nf5+ Kf7 29. Nd5 Rxb2 30. Qxc4 Re6 31. Nc7 Nb6 32. Qg4 Ree2 33. Nh6+ Kg6 34. Rxf6+ Qxf6 0-1

[Event "Late-Titled-Tuesday-Blitz-July-09-2024"]
[Site "Chess.com"]
[Date "2024.07.09"]
[Round "4"]
[White "Snowball-03"]
[Black "Bauman_Guy"]
[Result "0-1"]
[WhiteElo "2615"]
[BlackElo "2924"]
[TimeControl "180+1"]
[EndTime "14:38:26 PDT"]
[Termination "Bauman_Guy won by resignation"]

1. d4 Nf6 2. Bg5 c5 3. Bxf6 gxf6 4. d5 Qb6 5. Qc1 f5 6. c4 Qh6 7. Qc2 d6 8. Nc3 Bg7 9. e3 f4 10. exf4 Qxf4 11. Bd3 Nd7 12. Nge2 Qh6 13. f4 a6 14. O-O O-O 15. a4 Nf6 16. Qd2 Kh8 17. Ne4 Nxe4 18.
Bxe4 Rg8 19. Kh1 Bf6 20. a5 Bd7 21. Ra3 Rab8 22. Rb3 Rg4 23. Rh3 Rh4 24. Rxh4 Qxh4 25. g3 Qh5 26. Bf3 Qg6 27. Nc3 b6 28. axb6 Rxb6 29.
Qe2 Qg7 30. Qc2 Rb4 31. Qe2 a5 32. g4 h6 33. Qf2 Bxc3 34. bxc3 Rxc4 35. Qe2 Rxf4 36.
Qxe7 Bxg4 37. Qe8+ Qg8 38. Qe3 Qg5 39. Qe8+ Kg7 40. Qe2 Rxf3 41. Rxf3 Qxd5 0-1

[Event "Late-Titled-Tuesday-Blitz-July-09-2024"]
[Site "Chess.com"]
[Date "2024.07.09"]
[Round "4"]
[White "ChessicallyInclined"]
[Black "Fandorine"]
[Result "0-1"]
[WhiteElo "2739"]
[BlackElo "2932"]
[TimeControl "180+1"]
[EndTime "14:38:27 PDT"]
[Termination "Fandorine won by checkmate"]

1. d4 Nf6 2. c4 g6 3. Nf3 Bg7 4. Nc3 O-O 5. e4 d6 6. Be2 e5 7. Be3 exd4 8. Nxd4 Re8 9. f3 c6 10. Bf2 d5 11. exd5 cxd5 12. O-O Nc6 13. c5 Nh5 14.
Qd2 Be5 15. g3 Ng7 16. Rfd1 Bf5 17. Rac1 Rc8 18. Ncb5 h5 19. b4 h4 20. g4 Bd7 21.
Nd6 Nxd4 22. Bxd4 Bxd4+ 23. Qxd4 Rxe2 24. Nxc8 Qxc8 25. Qxd5 Bc6 26. Qd3 Qe8 27. Rd2 Re1+ 28. Rxe1 Qxe1+ 29. Kg2 Ne6 30. Qd6 h3+ 31. Kxh3 Ng5+ 32.
Kg2 Bxf3# 0-1

[Event "Late-Titled-Tuesday-Blitz-July-09-2024"]
[Site "Chess.com"]
[Date "2024.07.09"]
[Round "4"]
[White "honestgames"]
[Black "Oleksandr_Bortnyk"]
[Result "0-1"]
[WhiteElo "2833"]
[BlackElo "3059"]
[TimeControl "180+1"]
[EndTime "14:38:28 PDT"]
[Termination "Oleksandr_Bortnyk won by resignation"]

1. d4 Nf6 2. c4 b6 3. Nc3 Bb7 4. d5 e5 5. a3 a5 6. e4 Bc5 7. Bd3 O-O 8. Nf3 Qe7 9. O-O Na6 10. Bg5 h6 11. Bh4 c6 12. Bg3 d6 13. dxc6 Bxc6 14.
Bc2 Qe6 15. Nd5 Nh5 16. b4 Nxg3 17. hxg3 axb4 18. axb4 Nxb4 19. Rxa8 Bxa8 20. Qd2 Bxd5 21. cxd5 Qg4 22. Bb3 Qxe4 23. Re1 Qd3 24. Qb2 Ra8 25. Rd1 Qf5 26. Bc4 g5 27. Nh2 b5 28. Bb3 Nd3 29. Qc2 Qxf2+ 30. Qxf2 Nxf2 31. Rb1 Ne4+ 0-1

[Event "Late-Titled-Tuesday-Blitz-July-09-2024"]
[Site "Chess.com"]
[Date "2024.07.09"]
[Round "4"]
[White "tusplingher"]
[Black "WindWhistler11"]
[Result "1-0"]
[WhiteElo "2675"]
[BlackElo "2476"]
[TimeControl "180+1"]
[EndTime "14:38:29 PDT"]
[Termination "tusplingher won on time"]

1. e4 e6 2. Nf3 d5 3. exd5 exd5 4. d4 Nc6 5. Bb5 Bd6 6. c4 dxc4 7. d5 a6 8. Ba4 b5 9. dxc6 bxa4 10. O-O Ne7 11. Qxa4 Be6 12. Nbd2 Bd5 13. Nxc4 Bxf3 14.
Nxd6+ Qxd6 15. gxf3 O-O 16. Bf4 Qg6+ 17. Bg3 Rfb8 18.
b3 Rb6 19. Rfe1 Nf5 20. Qe4 h5 21. Kh1 Rxc6 22. Rac1 Nxg3+ 23. hxg3 Qxe4 24. fxe4 Rd6 25. Re2 c6 26. Rec2 Rc8 27. Kg2 Kf8 28. Rc5 g6 29. Ra5 Ra8 30. Rc2 Ke7 31. Kf3 Kd7 32. Rac5 a5 33. e5 Re6 34. Ke4 a4 35. b4 a3 36.
b5 Rc8 37. f4 f6 38. R2c3 Rc7 39. Rd3+ Ke7 40. Rxa3 fxe5 41. fxe5 Kd7 42. Ra6 1-0

[Event "Late-Titled-Tuesday-Blitz-July-09-2024"]
[Site "Chess.com"]
[Date "2024.07.09"]
[Round "4"]
[White "NajdorfPlayerc5"]
[Black "UB_TheQueen"]
[Result "1-0"]
[WhiteElo "2420"]
[BlackElo "2088"]
[TimeControl "180+1"]
[EndTime "14:38:29 PDT"]
[Termination "NajdorfPlayerc5 won on time"]

1. d4 Nf6 2. c4 g6 3. f3 Bg7 4. e4 O-O 5. Nc3 d6 6. Bg5 c5 7. d5 Qa5 8. Qd2 a6 9. a4 Nbd7 10. Nh3 Ne5 11. Nf2 Bd7 12. Ra3 Qb4 13. Qc2 b5 14. cxb5 axb5 15. Rb3 Qa5 16. Bxb5 c4 17. Ra3 Bxb5 18. axb5 Qb4 19. Rxa8 Rxa8 20. O-O Nfd7 21. Bxe7 f6 22. f4 Nd3 23. e5 Nxf4 24. Bxd6 Qa5 25. exf6 Nxf6 26. Bxf4 Qb4 27. Nfe4 Nxe4 28. Qxe4 1-0

[Event "Late-Titled-Tuesday-Blitz-July-09-2024"]
[Site "Chess.com"]
[Date "2024.07.09"]
[Round "4"]
[White "krzyzan94"]
[Black "biostatistician"]
[Result "1-0"]
[WhiteElo "2754"]
[BlackElo "2553"]
[TimeControl "180+1"]
[EndTime "14:38:31 PDT"]
[Termination "krzyzan94 won by resignation"]

1. e4 e5 2. Nf3 Nc6 3. Bc4 Bc5 4. Nc3 Nf6 5. d3 d6 6. Na4 Bb6 7. O-O Be6 8. Nxb6 axb6 9. Bb5 Bd7 10. c3 h6 11. Ba4 O-O 12. Bc2 Ne7 13. d4 Ng6 14.
Re1 Re8 15. h3 Qe7 16. a3 Rad8 17. a4 Bc6 18. d5 Bd7 19. Be3 Nh5 20. Kh2 Nhf4 21.
Ng1 Nh8 22. a5 bxa5 23. Rxa5 Ra8 24. Qa1 Rxa5 25. Qxa5 b6 26. Qa7 Bc8 27. Ba4 Bd7 28.
Bxd7 Qxd7 29. Bxb6 Nd3 30. Re2 Rc8 31. Be3 Ng6 32.
Nf3 Ngf4 33. Rd2 Qe7 34. Qa6 Nc1 35. Qxc8+ 1-0

[Event "Late-Titled-Tuesday-Blitz-July-09-2024"]
[Site "Chess.com"]
[Date "2024.07.09"]
[Round "4"]
[White "Igor_Janik"]
[Black "mamey78"]
[Result "1-0"]
[WhiteElo "2887"]
[BlackElo "2609"]
[TimeControl "180+1"]
[EndTime "14:38:33 PDT"]
[Termination "Igor_Janik won by resignation"]

1. d4 d5 2. c4 c6 3. cxd5 cxd5 4. Bf4 Nf6 5. e3 Nc6 6. Nc3 a6 7. Bd3 Bg4 8. f3 Bh5 9. Rc1 e6 10. Nge2 Bd6 11. O-O Bg6 12. Bxd6 Qxd6 13. Nf4 O-O 14. Nxg6 hxg6 15. f4 Rac8 16. Rf3 b5 17. Rh3 Ne7 18. Qe1 Rfd8 19. Ne2 Nf5 20. Rd1 Rc7 21. Ng3 Rdc8 22. Nxf5 exf5 23. Rf3 Rc6 24. Rf1 Qe7 25. h3 Re6 26.
Rf3 Re8 27. Kf2 Nh5 28. g3 g5 29. Bxf5 gxf4 30. gxf4 Qh4+ 31. Kf1 Qxe1+ 32. Rxe1 R6e7 33. Kf2 g6 34. Bd3 f5 35. Rc1 Kf7 36. Rc6 Re6 37.
Rxe6 Rxe6 38. Ke2 Rc6 39. Kd2 Nf6 40. Rf1 Rc8 41. Rc1 Rh8 42. Bf1 Ne4+ 43. Ke1 b4 44. Bg2 Nf6 45. Rc7+ Ke6 46. Rc6+ Kf7 47. Rxa6 Rc8 48.
Kd2 1-0

[Event "Late-Titled-Tuesday-Blitz-July-09-2024"]
[Site "Chess.com"]
[Date "2024.07.09"]
[Round "4"]
[White "ArtemDyachuk"]
[Black "DanielDardha2005"]
[Result "0-1"]
[WhiteElo "2690"]
[BlackElo "2911"]
[TimeControl "180+1"]
[EndTime "14:38:34 PDT"]
[Termination "DanielDardha2005 won on time"]

1. e4 c5 2. Nf3 Nc6 3. Bb5 e6 4. Bxc6 bxc6 5. b3 f6 6. e5 fxe5 7. Nxe5 Nf6 8. O-O d6 9. Nf3 e5 10. Bb2 Be7 11. d3 O-O 12. c4 Bg4 13. h3 Bh5 14.
Re1 Bg6 15. Nc3 Nh5 16. g3 Qd7 17. Kg2 Rf7 18. Re3 Raf8 19. Ne4 h6 20. Qe2 Nf4+ 21. gxf4 exf4 22. Nxd6 Bxd6 23. Re6 Bf5 24. Rxd6 Qxd6 25. Rd1 Re7 26. Ne5 Rfe8 27. Re1 Kh7 28. a4 a6 29. Qh5 Rxe5 30. Rxe5 Rxe5 0-1

[Event "Late-Titled-Tuesday-Blitz-July-09-2024"]
[Site "Chess.com"]
[Date "2024.07.09"]
[Round "4"]
[White "Gyulamiryan-koryun"]
[Black "ernestina08chess"]
[Result "0-1"]
[WhiteElo "1912"]
[BlackElo "2299"]
[TimeControl "180+1"]
[EndTime "14:38:35 PDT"]
[Termination "ernestina08chess won by checkmate"]

1. e4 g6 2. f4 d5 3. e5 Bg7 4.
d4 c5 5. c3 cxd4 6. cxd4 Nc6 7.
Nf3 Bg4 8. Bb5 Bxf3 9. Bxc6+ bxc6 10. Qxf3 e6 11. O-O Ne7 12. Nc3 Qb6 13. Qf2 Nf5 14. Rd1 h5 15. Na4 Qc7 16. Nc5 Bf8 17. b4 a5 18. Bd2 Bxc5 19. bxc5 O-O 20. a4 Rfb8 21. Rab1 Rxb1 22. Rxb1 Kg7 23. h3 h4 24. Rb6 Ng3 25. Qe1 Qa7 26. Rxc6 Rb8 27. Bxa5 Rb2 28. Rb6 Re2 29. Qb4 Rc2 30. Qe1 Qd7 31. Rb1 Qxa4 32.
Bd2 Qa2 33. Rd1 Qc4 34. Be3 Re2 35. Qa5 Rxe3 36. Qd8 Nh5 37. Qxh4 Qe2 38. Rf1 Rg3 39. c6 Qxg2# 0-1

[Event "Late-Titled-Tuesday-Blitz-July-09-2024"]
[Site "Chess.com"]
[Date "2024.07.09"]
[Round "4"]
[White "mac0504"]
[Black "Slovak_fighter2000"]
[Result "1-0"]
[WhiteElo "2765"]
[BlackElo "2553"]
[TimeControl "180+1"]
[EndTime "14:38:36 PDT"]
[Termination "mac0504 won on time"]

1. c4 e5 2. Nc3 Nf6 3. e3 Bb4 4. Nge2 O-O 5. a3 Bxc3 6. Nxc3 d6 7. d3 Nc6 8. Be2 Bf5 9. O-O Bg6 10. b4 d5 11. cxd5 Nxd5 12. Bb2 Nxc3 13. Bxc3 a6 14. Qc2 Qd6 15. Rfd1 Rad8 16. Rac1 f6 17. Qb2 Kh8 18. a4 Ne7 19. b5 axb5 20. Qxb5 b6 21. Bb4 c5 22.
Be1 Be8 23. Qb3 Ra8 24. Ra1 Qc6 25. Bf3 Qc8 26. Bxa8 Qxa8 27. Qxb6 Bc6 28. e4 Rc8 29. Qxc5 Ng6 30. Qe3 Bxa4 31. Rdc1 Rxc1 32. Qxc1 Qe8 33. Qc4 Bc6 34. Ra6 Bd7 35. Ra7 h6 36. Qc7 Nf8 37. Bb4 Qh5 38. h3 Qd1+ 39. Kh2 1-0